 Dungeon Crawl Stone Soup version 0.23-a0-241-g3b46b07 (webtiles) character file.

2593 galech the Cleaver (level 9, 0/68 HPs)
             Began as a Demonspawn Fighter on Sept 27, 2018.
             Slain by a two-headed ogre
             ... wielding a +0 giant spiked club
              (10 damage)
             ... on level 7 of the Dungeon.
             The game lasted 00:08:21 (6900 turns).

galech the Cleaver (Demonspawn Fighter)             Turns: 6900, Time: 00:08:21

Health: 0/68       AC: 18    Str: 16    XL:     9   Next: 33%
Magic:  18/18      EV:  6    Int: 11    God:
Gold:   202        SH: 10    Dex: 15    Spells: 8/8 levels left

rFire    + . .     SeeInvis .   a - +0 war axe
rCold    . . .     Gourm    .   c - +0 shield
rNeg     . . .     Faith    .   w - +0 chain mail {rF+}
rPois    .         Spirit   .   y - +0 helmet
rElec    .         Reflect  .   (no cloak)
rCorr    .         Harm     .   (no gloves)
MR       .....                  E - +0 pair of boots
Stlth    ..........             t - amulet of regeneration
HPRegen  0.61/turn              m - ring of magical power
MPRegen  0.16/turn              B - ring of attention (curse)

@: no status effects
A: iridescent scales 3, spiny 1
a: no special abilities


You were on level 7 of the Dungeon.
You were not hungry.

You visited 1 branch of the dungeon, and saw 7 of its levels.

You collected 232 gold pieces.
You spent 30 gold pieces at shops.

Inventory:

Hand Weapons
 a - a +0 war axe (weapon)
Armour
 c - a +0 shield (worn)
 w - a +0 chain mail of fire resistance (worn)
 y - a +0 helmet (worn)
 E - a +0 pair of boots (worn)
Jewellery
 m - a ring of magical power (left hand)
 r - an uncursed amulet of the gourmand
 t - an amulet of regeneration (around neck)
 B - a cursed ring of attention (right hand)
Wands
 D - a wand of polymorph (12)
 F - a wand of paralysis (12)
Scrolls
 b - a scroll of torment {unknown}
 g - a scroll of random uselessness {unknown}
 i - 2 scrolls of fear {unknown}
 k - 3 scrolls of blinking {unknown}
 n - a scroll of immolation {unknown}
 o - a scroll of teleportation {unknown}
 q - 4 scrolls of enchant armour {unknown}
 s - a scroll of remove curse
 u - 6 scrolls of identify {unknown}
 x - 3 scrolls of fog {unknown}
 C - a scroll of silence {unknown}
Potions
 d - 2 potions of might
 e - a potion of ambrosia {unknown}
 h - 2 potions of agility {unknown}
 j - 3 potions of flight {unknown}
 l - 2 potions of lignification {unknown}
 p - 3 potions of curing {unknown}
 v - a potion of degeneration {unknown}
 z - a potion of mutation {unknown}
 A - a potion of brilliance {unknown}
Comestibles
 f - 21 rations
 G - 9 chunks of flesh


   Skills:
 + Level 5.4 Fighting
 + Level 8.3 Axes
 + Level 5.6 Armour
 + Level 2.4 Dodging
 + Level 1.0 Stealth
 + Level 5.1 Shields


You had 8 spell levels left.
You didn't know any spells.
Your spell library was empty.

Dungeon Overview and Level Annotations

Branches:
Dungeon (7/15)
 Temple: D:4-7

Altars:
Wu Jian

Shops:
D:4 *

Annotations:
D:6 1 runed door, namelastname112's ghost, novice DrWn


Innate Abilities, Weirdness & Mutations

You are completely covered in iridescent scales. (AC +6)
You are partially covered in sharp spines.


Message History

You barely miss the two-headed ogre.
The two-headed ogre hits you with a giant spiked club.
The two-headed ogre hits you but does no damage.
Your chain mail prevents you from hitting the two-headed ogre.
The two-headed ogre is struck by your spines.
The two-headed ogre hits you but does no damage.
The two-headed ogre completely misses you.
You slash the two-headed ogre!
The two-headed ogre is moderately wounded.
Your shield and chain mail prevent you from hitting the two-headed ogre.
The two-headed ogre is moderately wounded.
The two-headed ogre is struck by your spines.
The two-headed ogre barely misses you.
The two-headed ogre hits you with a giant spiked club!!
You slash the two-headed ogre!
The two-headed ogre is heavily wounded.
The two-headed ogre hits you with a giant spiked club!
* * * LOW HITPOINT WARNING * * *
The two-headed ogre hits you with a giant spiked club!
You die...

############ #.#
#######..........# #..
..........######.# #.# ######.#.#
#.# #.# #####.#.# #.# #.#
#.....#)# #.# #.# #.....#.# #.#
############.######......# #.#
..............OO@..>##.### #.#
#######.###########.##.# #.#
.......................# #.#
#######O###..........##########)#
#.# #.....................#
##.###.....................#
#...............#########.##
#..##................. #.#
####..<#.########.###### #.#


You could see a two-headed ogre and an ogre.

Vanquished Creatures
  Pikel (D:4)
  Grinder (D:3)
  Prince Ribbit (D:6)
  A spriggan (D:7)
  Sigmund (D:3)
  A slave (D:3)
  A black bear (D:6)
  A phantom (D:5)
  2 ogres
  2 centaurs (D:5)
  A bullfrog (D:6)
  A water moccasin zombie (D:5)
  A howler monkey (D:6)
  2 crimson imps (D:6)
  2 bullfrog zombies
  A centaur zombie (D:7)
  4 hounds
  5 orc priests
  A gnoll shaman (D:5)
  5 worker ants
  A hound zombie (D:6)
  A hound skeleton (D:7)
  7 adders
  3 shadow imps
  An ooze (D:2)
  4 worms
  A dart slug (D:2)
  3 leopard geckos
  12 orcs
  A ball python (D:1)
  6 giant cockroaches
  14 goblins
  8 hobgoblins
  2 jackals (D:3)
  14 kobolds
  4 quokkas
  3 bats
  7 frilled lizards
  A quokka skeleton (D:5)
  5 rats
133 creatures vanquished.

Notes
Turn   | Place    | Note
-------+----------+-------------------------------------------
     0 | D:1      | galech the Demonspawn Fighter began the quest for the Orb.
     0 | D:1      | Reached XP level 1. HP: 18/18 MP: 1/1
    76 | D:1      | Gained mutation: You are partially covered in iridescent
                  | scales. (AC +2) [demonic ancestry]
    76 | D:1      | Reached XP level 2. HP: 19/24 MP: 2/2
   356 | D:1      | Reached skill level 2 in Axes
   745 | D:2      | Reached XP level 3. HP: 29/29 MP: 3/3
  1437 | D:2      | Reached skill level 3 in Axes
  1437 | D:2      | Gained mutation: You are mostly covered in iridescent
                  | scales. (AC +4) [demonic ancestry]
  1437 | D:2      | Reached XP level 4. HP: 29/35 MP: 4/4
  2093 | D:3      | Noticed Sigmund
  2109 | D:3      | Killed Sigmund
  2109 | D:3      | Reached skill level 4 in Axes
  2109 | D:3      | Reached XP level 5. HP: 20/41 MP: 5/5
  2373 | D:3      | Found an ornate altar of the Wu Jian Council.
  2703 | D:3      | Noticed Grinder
  2707 | D:3      | Paralysed by Grinder for 6 turns
  2720 | D:3      | Paralysed by Grinder for 4 turns
  2749 | D:3      | Killed Grinder
  2749 | D:3      | Reached skill level 5 in Axes
  2749 | D:3      | Reached skill level 1 in Dodging
  2749 | D:3      | Reached XP level 6. HP: 12/47 MP: 6/6
  3442 | D:4      | Noticed a slave
  3442 | D:4      | Noticed a slave
  3443 | D:4      | Noticed Pikel
  3655 | D:3      | Reached XP level 7. HP: 45/53 MP: 7/7
  4235 | D:4      | Killed Pikel
  4235 | D:4      | Reached skill level 6 in Axes
  4235 | D:4      | Reached skill level 1 in Stealth
  4235 | D:4      | Gained mutation: You are partially covered in sharp spines.
                  | [demonic ancestry]
  4235 | D:4      | Reached XP level 8. HP: 36/61 MP: 8/8
  4521 | D:4      | Found Kairchoc's General Store.
  4529 | D:4      | Bought a scroll of remove curse for 30 gold pieces
  4772 | D:5      | Entered Level 5 of the Dungeon
  4857 | D:5      | Got a translucent quarterstaff
  5204 | D:5      | Reached skill level 5 in Armour
  5223 | D:5      | Reached skill level 7 in Axes
  5832 | D:6      | Noticed Prince Ribbit
  6020 | D:6      | Reached skill level 5 in Fighting
  6118 | D:6      | Gained mutation: You are completely covered in iridescent
                  | scales. (AC +6) [demonic ancestry]
  6118 | D:6      | Reached XP level 9. HP: 55/68 MP: 9/9
  6219 | D:6      | Killed Prince Ribbit
  6473 | D:6      | Found a runed door.
  6475 | D:6      | Noticed namelastname112's ghost (novice DrWn)
  6623 | D:7      | Reached skill level 8 in Axes
  6677 | D:7      | Reached skill level 5 in Shields
  6812 | D:7      | Noticed a two-headed ogre
  6900 | D:7      | Slain by a two-headed ogre

Vault maps used:
D:1:      sevenhm_arrival_forest_fort_large_4
D:2:      kb_forest_paths, first_ration
D:3:      corexii_shack_village, lemuel_round_altar, minivault_19,
          glass_columns_b, uniq_sigmund, uniq_grinder
D:4:      serial_shops, nicolae_shop_trees, uniq_pikel
D:5:      wad_rectangle_vault
D:6:      ebering_ghost_sewer_d, uniq_prince_ribbit1
D:7:      minmay_temple_entry_enclosed_plants, the_bakery,
          kennysheep_flooded_box, palyth_stone_intersect

Skill      XL: |  1  2  3  4  5  6  7  8  9 |
---------------+----------------------------+-----
Armour         | 3 4 5 |  5.6
Axes           | 2 3 4 5 6 7 8 |  8.3
Shields        | 3 4 5 |  5.1
Dodging        | 1 2 |  2.4
Fighting       | 4 5 |  5.4
Stealth        | 1 |  1.0

Action                   |  1- 3 |  4- 6 |  7- 9 || total
-------------------------+-------+-------+-------++-------
Melee: War axe           |   105 |   132 |   252 ||   489
  Eat: Chunk             |     2 |    20 |     2 ||    24
Armor: Scale mail        |    49 |    11 |       ||    60
       Plate armour      |       |    67 |    27 ||    94
       Chain mail        |       |       |   114 ||   114
Dodge: Dodged            |    31 |    18 |    39 ||    88
Block: Shield            |    51 |    47 |   104 ||   202

Table legend:
 A = Non-vault XP
 B = Vault XP
 C = Vault XP percentage of total XP
 D = Non-vault monster count
 E = Vault monster count
 F = Vault count percentage of total count
                 A         B        C        D         E       F
            +---------+---------+-------+---------+---------+-------
      Total |    1884 |    1821 |  49.1 |     112 |      20 |  15.2
            +---------+---------+-------+---------+---------+-------
        D:1 |      40 |       0 |   0.0 |      24 |       0 |   0.0
        D:2 |      70 |      23 |  24.7 |      22 |       6 |  21.4
        D:3 |     141 |     507 |  78.2 |      12 |       8 |  40.0
        D:4 |      93 |     617 |  86.9 |       8 |       1 |  11.1
        D:5 |     471 |     186 |  28.3 |      14 |       3 |  17.6
        D:6 |     796 |     268 |  25.2 |      22 |       1 |   4.3
        D:7 |     273 |     220 |  44.6 |      10 |       1 |   9.1
            +---------+---------+-------+---------+---------+-------
